 Dungeon Crawl Stone Soup version 0.17-a0-1368-g6ab37f2 (webtiles) character file.

9027 tinkerttoy the Grappler (level 11, -10/163 HPs)
             Began as a Troll Monk on June 11, 2015.
             Mangled by a slime creature (14 damage)
             ... on level 9 of the Dungeon on June 12, 2015.
             The game lasted 00:31:19 (8936 turns).

tinkerttoy the Grappler (Troll Monk)                Turns: 8936, Time: 00:31:19

Health: -10/163    AC: 12    Str: 26    XL:     11   Next: 17%
Magic:  13/13      EV: 15    Int:  6    God:
Gold:   434        SH:  0    Dex: 15    Spells: 0 memorised, 15 levels left

rFire  . . .     SeeInvis .       - Unarmed
rCold  . . .     Clarity  .     a - +2 robe
rNeg   + . .     SustAt   .     (no shield)
rPois  .         Gourm    +     j - +2 hat
rElec  .         Spirit   .     H - +2 cloak
rCorr  .         Warding  .     (gloves unavailable)
rMut   .         Stasis   .     (boots unavailable)
MR     .....                    (no amulet)
Stlth  ..........               (no ring)
                                D - ring of positive energy

@: berserking, very quick, not resistant to hostile enchantments, extremely
unstealthy
A: unfitting armour, claws 3, fast metabolism 3, gourmand, regeneration 2,
shaggy fur 1, tough skin 2
a: no special abilities


You were on level 9 of the Dungeon.
You were not hungry.

You visited 2 branches of the dungeon, and saw 11 of its levels.
You also visited: Ossuary.

You collected 434 gold pieces.

Inventory:

Missiles
 h - 228 stones (quivered)
 q - 9 tomahawks
 v - 3 poisoned tomahawks
Armour
 a - a +2 robe (worn)
 j - a +2 hat (worn)
 H - a +2 cloak (worn)
Jewellery
 c - an uncursed ring of protection from fire
 s - an uncursed amulet of resist corrosion
 C - an uncursed ring of positive energy
 D - a ring of positive energy (left claw)
Magical devices
 r - a wand of confusion (25)
 G - a wand of draining (7)
Scrolls
 e - 6 scrolls of identify
 g - a scroll of enchant armour
 l - 5 scrolls of teleportation
 n - 3 scrolls of remove curse
 x - 2 scrolls of enchant weapon
 F - 3 scrolls of amnesia
Potions
 f - 3 potions of lignification
 k - a potion of haste
 m - 3 potions of curing
 w - a potion of agility
 z - 3 potions of ambrosia
 J - a potion of cure mutation
 L - a potion of brilliance
Comestibles
 b - 12 bread rations
 d - 4 meat rations
 t - 3 beef jerkies
 u - 11 fruits
 A - 10 slices of pizza
 B - a royal jelly


   Skills:
 + Level 7.1 Fighting
 + Level 4.7 Throwing
 + Level 3.4 Armour
 + Level 8.4 Dodging
 + Level 4.4 Stealth
 + Level 10.1 Unarmed Combat
 + Level 2.5 Spellcasting


You had 15 spell levels left.
You didn't know any spells.

Dungeon Overview and Level Annotations

Branches:
Dungeon (10/15)            Temple (1/1) D:6            Lair (0/8) D:8
    Orc: D:9-12

Altars:
Ashenzari
Cheibriados
Dithmenos
Elyvilon
Fedhas
Gozag
Kikubaaqudgha
Makhleb
Nemelex Xobeh
Okawaru
Qazlal
Ru
Sif Muna
Trog
Vehumet
Xom
Yredelemnul
Zin
The Shining One


Innate Abilities, Weirdness & Mutations

You are too large for most types of armour.
You have claws for hands.
Your metabolism is lightning-fast.
You like to eat raw meat.
You heal very quickly.
You are covered in fur (AC +1).
You have very tough skin (AC +2).


Message History

* * * LOW HITPOINT WARNING * * *
The slime creature barely misses you.
You scratch the slime creature.
The slime creature is moderately wounded.
The slime creature barely misses you.
You mangle the slime creature!!
The slime creature is severely wounded.
The slime creature hits you.
* * * LOW HITPOINT WARNING * * *
You claw the slime creature!
The slime creature is almost dead.
The slime creature closely misses you. x2
You scratch the slime creature.
You kill the slime creature!
The slime creature hits you!
* * * LOW HITPOINT WARNING * * *
Drink which item? (? for menu, Esc to quit)
A red film seems to cover your vision as you go berserk!
You feel yourself moving faster!
You feel mighty! The slime creature hits you!
You die...

##..## ##..........##
#...# ##............#
##..###.............##
#......#............#
##...#####..........#
##.### ##.........#
#.)# ##........# ##.##
##.J.....# ##.##
##@....## #..# ###.###
#.## ### .#.## ....#
....# ....# ....##
.....#


You could see a slime creature.

Vanquished Creatures
  A fire drake (D:8)
  Prince Ribbit (D:8)
  2 slime creatures
  A steam dragon (D:8)
  A hippogriff (D:9)
  A deep elf fighter (D:7)
  A human (D:7)
  A water moccasin (D:7)
  3 phantoms
  A wasp (D:8)
  4 sky beasts
  An ice beast (D:4)
  5 ogres
  5 centaurs
  3 orc warriors
  16 big kobolds (D:9)
  2 elf skeletons (D:4)
  6 giant frogs
  10 scorpions
  10 killer bees
  An electric eel (D:8)
  3 jellies
  3 crimson imps
  A giant frog zombie (D:7)
  A quasit (D:8)
  4 orc priests
  2 human zombies (Ossuary)
  6 centaur zombies
  7 hounds
  A giant frog skeleton (D:6)
  4 iguanas
  2 human skeletons (D:4)
  7 orc wizards
  4 worker ants
  4 sheep (D:7)
  A big kobold zombie (Ossuary)
  2 mummies (Ossuary)
  A hound skeleton (D:4)
  12 adders
  5 scorpion zombies (Ossuary)
  3 shadow imps
  An ooze (D:1)
  2 adder skeletons (D:4)
  2 adder zombies
  4 worms
  5 giant geckos
  33 orcs
  5 ball pythons
  A bat skeleton (D:6)
  4 giant cockroaches
  4 gnoll zombies (Ossuary)
  18 hobgoblins
  20 jackals
  22 kobolds
  5 quokkas
  12 bats
  7 giant newts
  7 goblins
  2 goblin zombies (Ossuary)
  2 hobgoblin zombies (Ossuary)
  2 orc skeletons (D:4)
  An orc zombie (Ossuary)
  18 rats
326 creatures vanquished.

Vanquished Creatures (others)
  A mummy (Ossuary)
  An orc (D:8)
  4 toadstools (D:1)
6 creatures vanquished.

Grand Total: 332 creatures vanquished

Notes
Turn   | Place    | Note
--------------------------------------------------------------
     0 | D:1      | tinkerttoy the Troll Monk began the quest for the Orb.
     0 | D:1      | Reached XP level 1. HP: 22/22 MP: 0/0
   152 | D:1      | Reached XP level 2. HP: 29/29 MP: 1/1
   735 | D:1      | Reached XP level 3. HP: 36/36 MP: 2/2
  1161 | D:2      | Reached skill level 5 in Unarmed Combat
  1161 | D:2      | Reached XP level 4. HP: 42/44 MP: 3/3
  2047 | D:3      | Found a sparkling altar of Nemelex Xobeh.
  2048 | D:3      | Found an opulent altar of Gozag.
  2182 | D:4      | Reached XP level 5. HP: 49/53 MP: 4/4
  2292 | D:4      | Noticed an ice beast
  2297 | D:4      | Killed an ice beast
  2297 | D:4      | Reached XP level 6. HP: 61/61 MP: 5/5
  2477 | D:4      | Found an opulent altar of Gozag.
  2594 | D:4      | Reached XP level 7. HP: 55/68 MP: 6/6
  2603 | D:4      | Found a sand-covered staircase.
  2616 | D:4      | Reached skill level 6 in Unarmed Combat
  2619 | Ossuary  | Entered an ossuary
  2855 | Ossuary  | Reached skill level 5 in Dodging
  2865 | Ossuary  | Reached skill level 1 in Throwing
  2942 | Ossuary  | Reached XP level 8. HP: 68/79 MP: 7/7
  3154 | D:4      | Reached skill level 7 in Unarmed Combat
  3161 | D:4      | Noticed an ogre
  3168 | D:4      | Killed an ogre
  3782 | D:5      | Entered Level 5 of the Dungeon
  3810 | D:4      | Reached skill level 8 in Unarmed Combat
  3810 | D:4      | Reached XP level 9. HP: 89/89 MP: 7/11
  4964 | D:6      | Found a staircase to the Ecumenical Temple.
  4970 | Temple   | Entered the Ecumenical Temple
  5527 | D:7      | Found a flagged portal.
  5802 | D:7      | Reached XP level 10. HP: 100/100 MP: 12/12
  6196 | D:7      | Found a sacrificial altar of Ru.
  6200 | D:7      | Found a stormy altar of Qazlal.
  6200 | D:7      | Found a shadowy altar of Dithmenos.
  6207 | D:7      | Found a deep blue altar of Sif Muna.
  6209 | D:7      | Found a bloodstained altar of Trog.
  6239 | D:7      | Reached skill level 9 in Unarmed Combat
  6358 | D:8      | Found a shattered altar of Ashenzari.
  6558 | D:8      | Found a staircase to the Lair.
  6735 | D:8      | Noticed Prince Ribbit
  6741 | D:8      | Killed Prince Ribbit
  7175 | D:8      | Found an iron altar of Okawaru.
  7860 | D:9      | Found a glowing silver altar of Zin.
  7860 | D:9      | Found a burning altar of Makhleb.
  7861 | D:9      | Noticed a blizzard demon
  7861 | D:9      | Noticed an angel
  8320 | D:9      | Found a glowing golden altar of the Shining One.
  8378 | D:9      | Found a white marble altar of Elyvilon.
  8492 | D:9      | Reached XP level 11. HP: 101/107 MP: 13/13
  8761 | D:9      | Reached skill level 10 in Unarmed Combat
  8895 | D:10     | Entered Level 10 of the Dungeon
  8935 | D:9      | HP: 2/109 [slime creature (15)]
  8936 | D:9      | Mangled by a slime creature

Vault maps used:
D:1:      ldierk_walled_garden_2
D:2:      lemuel_upstairs_altar, first_bread
D:3:      grunt_temple_overflow_opulence
D:4:      minmay_opposing_rooms, nicolae_ossuary_entry_catacombs,
          nicolae_gozag_seed_capital
D:5:      minmay_hedge_maze
D:6:      minmay_temple_entry_fiery
D:7:      minmay_overflow_temple_star_hex, enter_bailey_2, grunt_livestock,
          guppyfry_early_elven_hall
D:8:      lemuel_coloured_pillars_altar, minmay_lair_entry_lava,
          ashenzari_altar_1, uniq_prince_ribbit1
D:9:      grunt_temple_overflow_order_and_chaos_2, old_standard_altar,
          special_room, basic_altar
D:10:     makhleb_altar_promises_db, uniq_grum
Temple:   minmay_temple_curvy_8
Ossuary:  ossuary_minmay_scorpions

Action                   |  1- 3 |  4- 6 |  7- 9 | 10-12 || total
-------------------------+-------+-------+-------+-------++-------
Melee: Unarmed           |    77 |   210 |   323 |   405 ||  1015
Throw: Tomahawk          |     3 |       |     6 |       ||     9
       Stone             |     1 |    24 |    25 |    36 ||    86
  Use: Potion            |       |       |    15 |     3 ||    18
       Scroll            |       |       |    11 |     8 ||    19
 Stab: Sleeping          |       |     2 |    12 |     3 ||    17
  Eat: Chunk             |    12 |    11 |    28 |    27 ||    78
       Meat ration       |       |       |     1 |       ||     1
